 Dungeon Crawl Stone Soup version 0.30-a0-1114-gd936c97349 (webtiles) character file.

Game seed: 6934314098173912624

232 voltaire321 the Trooper (level 5, -9/47 HPs)
             Began as a Minotaur Fighter on Apr 20, 2023.
             Was an Initiate of Makhleb.
             Mangled by a two-headed ogre
             ... wielding a +0 dire flail
              (13 damage)
             ... on level 5 of the Dungeon.
             The game lasted 00:07:20 (3168 turns).

voltaire321 the Trooper (Minotaur Fighter)          Turns: 3168, Time: 00:07:21

Health: -9/47      AC:  8    Str: 22    XL:     5   Next: 73%
Magic:  4/4        EV: 10    Int:  5    God:    Makhleb [......]
Gold:   166        SH:  4    Dex: 10    Spells: 4/4 levels left

rFire   . . .      SeeInvis .    a - +0 war axe
rCold   . . .      Faith    .    c - +0 buckler
rNeg    . . .      Spirit   .    b - +0 scale mail
rPois   .          Reflect  .    (helmet restricted)
rElec   .          Rampage  .    (no cloak)
rCorr   .                        (no gloves)
Will    .....                    k - +0 pair of boots Stlth
                                 (no amulet)
HPRegen 0.27/turn                h - +4 ring of slaying
MPRegen 0.09/turn                (no ring)

@: no status effects
A: horns 2, retaliatory headbutt
a: Renounce Religion


You were on level 5 of the Dungeon.
You worshipped Makhleb.
Makhleb was noncommittal.
You visited 1 branch of the dungeon, and saw 5 of its levels.
You also visited: Sewer.

You collected 166 gold pieces.

Inventory:

Hand Weapons
 a - a +0 war axe (weapon)
Missiles
 t - a throwing net (quivered)
 u - 10 poisoned darts
Armour
 b - a +0 scale mail (worn)
 c - a +0 buckler (worn)
 k - a +0 pair of boots (worn)
Jewellery
 h - a +4 ring of slaying (left hand)
Scrolls
 e - a scroll of torment {unknown}
 g - 7 scrolls of identify {unknown}
 i - 2 scrolls of teleportation {unknown}
 o - 2 scrolls of vulnerability {unknown}
 p - a scroll of poison {unknown}
 r - a scroll of enchant armour {unknown}
 s - 3 scrolls of enchant weapon {unknown}
 v - a scroll of amnesia {unknown}
 w - a scroll of blinking {unknown}
 y - a scroll of noise {unknown}
 C - 2 scrolls of brand weapon {unknown}
Potions
 d - a potion of might
 f - 2 potions of invisibility {unknown}
 j - a potion of resistance {unknown}
 l - a potion of haste {unknown}
 m - 4 potions of curing {unknown}
 n - 3 potions of cancellation {unknown}
 q - 2 potions of heal wounds {unknown}
 x - 4 potions of mutation {unknown}
 z - a potion of berserk rage {unknown}
 A - a potion of flight {unknown}
 B - a potion of lignification {unknown}


   Skills:
 + Level 4.7 Fighting
 + Level 3.8 Axes
 + Level 4.6 Armour
 + Level 2.3 Dodging
 + Level 4.7 Shields
 + Level 1.0 Invocations


You had 4 spell levels left.
You didn't know any spells.
Your spell library contained the following spells:

 Spells                   Type           Power      Damage    Failure   Level
 Dazzling Flash           Conj/Hex       0%         N/A       99%         3
 Volatile Blastmotes      Fire/Tloc      0%         2d10      99%         3
 Iskenderun's Mystic Bla  Conj/Tloc      0%         2d3       100%        4
 Starburst                Conj/Fire      0%         6d3       100%        6


Dungeon Overview and Level Annotations

Branches:
Dungeon (5/15)              Sewer (visited)
 Temple: D:4-7

Altars:
Ashenzari
Elyvilon
Hepliaklqana
Makhleb
Nemelex Xobeh
Qazlal
Vehumet
Zin
The Shining One

Shops:
D:2 *


Innate Abilities, Weirdness & Mutations

You have a pair of horns on your head.
You reflexively headbutt those who attack you in melee.


Message History

C - 2 scrolls labelled ZUDWEU LOEG
Found a stone staircase leading down.
g - 7 scrolls labelled FAPHISTR UHUOSYACAS (gained 1)
There is a stone staircase leading down here.
As you open the large door, it creaks loudly!
Found a hazy altar of Hepliaklqana and a radiant altar of Vehumet.
You see here a +0 chain mail.
There is an open door here.
There is a shaft here.
You see here a +0 chain mail.
There is a stone staircase leading down here.
There is a sparkling altar of Nemelex Xobeh here.
Done exploring.
There is a sparkling altar of Nemelex Xobeh here.
There is a stone staircase leading down here.
You climb downwards.
There is a stone staircase leading up here.
A two-headed ogre comes into view.
It is wielding a +0 dire flail and a +0 giant club.
The two-headed ogre shouts in stereo!
You slash the ice beast!
The ice beast is moderately wounded.
The ice beast hits you. The ice beast freezes you!
You closely miss the ice beast.
The ice beast is moderately wounded.
You hit the two-headed ogre.
The two-headed ogre hits you with a +0 dire flail!
The two-headed ogre hits you with a +0 giant club!!
* * * LOW HITPOINT WARNING * * *
You block the ice beast's attack.
You hit the ice beast but do no damage. You headbutt the ice beast!
The ice beast is heavily wounded.
You hit the two-headed ogre but do no damage.
The ice beast hits you but does no damage.
The two-headed ogre misses you. The two-headed ogre closely misses you.
The ice beast hits you but does no damage.
You barely miss the two-headed ogre. You headbutt the two-headed ogre.
The two-headed ogre is lightly wounded.
You slash the ice beast!
The two-headed ogre hits you with a +0 dire flail!
You die...

#...♣ #.
#P...♣.. .#
+....♣.##.#
###......#..
......♣..#.#
.P.......#.###
⌠......Y.....#
......O@.....#
......♣.....##
P.###.P.♣<..#
#..♣♣.### #.♣
♣.. ... ♣###
.... .... #+#


You could see a two-headed ogre and an ice beast.

Vanquished Creatures
  A hound (D:4)
  3 gnolls (D:2)
  9 adders
  2 river rats (Sewer)
  A worm (D:3)
  7 endoplasms
  4 giant cockroaches
  4 goblins
  7 hobgoblins
  7 quokkas
  7 ball pythons
  6 frilled lizards
  6 kobolds
  12 rats
76 creatures vanquished.

Vanquished Creatures (others)
  2 plants (D:5)
2 creatures vanquished.

Grand Total: 78 creatures vanquished

Notes
Turn   | Place    | Note
-------+----------+-------------------------------------------
     0 | D:1      | voltaire321 the Minotaur Fighter began the quest for the
                  | Orb.
     0 | D:1      | Reached XP level 1. HP: 19/19 MP: 0/0
   162 | D:1      | Reached XP level 2. HP: 27/27 MP: 1/1
   885 | D:2      | Reached skill level 1 in Dodging
   885 | D:2      | Reached XP level 3. HP: 31/33 MP: 2/2
  1063 | D:2      | Found a stormy altar of Qazlal.
  1072 | D:2      | Reached XP level 4. HP: 22/40 MP: 3/3
  1156 | D:2      | Found Sobyakir's Assorted Antiques.
  1902 | D:3      | Found a glowing silver altar of Zin.
  1903 | D:3      | Found a glowing golden altar of the Shining One.
  1905 | D:3      | Found a white marble altar of Elyvilon.
  2022 | D:3      | Found a burning altar of Makhleb.
  2031 | D:3      | Found a broken altar of Ashenzari.
  2043 | D:3      | Became a worshipper of Makhleb the Destroyer
  2340 | D:4      | Found a sparkling altar of Nemelex Xobeh.
  2506 | D:4      | Identified the +0 leather armour of Dim Light {-Tele rElec
                  | Int-3 Stlth+}
  2596 | D:4      | Reached XP level 5. HP: 31/47 MP: 4/4
  2609 | D:4      | Found a glowing drain.
  2613 | Sewer    | Entered a sewer
  2812 | Sewer    | Reached skill level 1 in Invocations
  2850 | Sewer    | Reached * piety under Makhleb
  3008 | D:4      | Found a hazy altar of Hepliaklqana.
  3008 | D:4      | Found a radiant altar of Vehumet.
  3162 | D:5      | Entered Level 5 of the Dungeon
  3162 | D:5      | Noticed an ice beast
  3164 | D:5      | Noticed a two-headed ogre
  3168 | D:5      | Mangled by a two-headed ogre

Illustrated notes

Levels and vault maps discovered:
D:1:      amcnicky_arrival_double_pillar, layout_loops_ring,
          chequers_serial_rivers_room_a, chequers_garden, corner_web_ring
D:2:      layout_loops_ring, serial_shops, shop, basic_altar
D:3:      layout_basic, good_gods_temple_1, mainiacjoe_overflow_swirl
D:4:      layout_basic, lemuel_crystal_altar, gammafunk_temple_overflow_wave,
          gup_sewer_entry_bowl
D:5:      wad_woods_settlement, layout_basic, serial_shops, shop,
          ebering_ghost_sewer_d

Skill      XL: |  1  2  3  4  5 |
---------------+----------------+-----
Fighting       | 4 |  4.7
Armour         | 4 |  4.6
Dodging        | 1 2 |  2.3
Shields        | 4 |  4.7
Axes           | 3 |  3.8
Invocations    | 1 |  1.0

Action                     |  1- 3 |  4- 6 || total
---------------------------+-------+-------++-------
  Melee: War axe           |    63 |    69 ||   132
         Headbutt          |     4 |     9 ||    13
 Armour: Scale mail        |    20 |    29 ||    49
  Dodge: Dodged            |    29 |    31 ||    60
  Block: Buckler           |    15 |    13 ||    28

Table legend: (Time is in decaauts)
 A = Elapsed time spent in this place.
 B = Non-inter-level travel time spent in this place.
 C = Inter-level travel time spent in this place.
 D = Time resting spent in this place.
 E = Time spent auto-exploring this place.
 F = Levels seen in this place.
 G = Mean time per level.
                   A        B        C        D        E       F      G
               +--------+--------+--------+--------+--------+-----+--------+
         Total |   3276 |   3178 |     98 |    155 |   2116 |   6 |  546.0 |
       Dungeon |   2861 |   2763 |     98 |    116 |   1923 |   5 |  572.2 |
         Sewer |    415 |    415 |      0 |     39 |    193 |   1 |  415.0 |
               +--------+--------+--------+--------+--------+-----+--------+

Top non-repeatable levels by time:
     D:1: 889 daAuts
     D:2: 768 daAuts
     D:3: 680 daAuts
     D:4: 516 daAuts
   Sewer: 415 daAuts
     D:5: 6 daAuts
